 Dungeon Crawl Stone Soup version 0.30-a0-830-gfe289a77b0 (webtiles) character file.

Game seed: 10600227537767621482

0 Esekla the Sneak (level 1, 16/16 HPs)
             Began as an Octopode Delver on Mar 1, 2023.
             Quit the game on level 5 of the Dungeon.
             The game lasted 00:00:25 (28 turns).

Esekla the Sneak (Octopode Delver)                    Turns: 28, Time: 00:00:26

Health: 16/16      AC:  1    Str: 11    XL:     1   Next: 0%
Magic:  1/1        EV: 13    Int: 12    God:
Gold:   29         SH:  0    Dex: 13    Spells: 0/0 levels left

rFire   . . .      SeeInvis .    a - +0 falchion
rCold   . . .      Faith    .    (no shield)
rNeg    . . .      Spirit   .    (helmet restricted)
rPois   .          Reflect  .    (no amulet)
rElec   .          Harm     .    (no ring)
rCorr   .          Rampage  .    (no ring)
Will    .....                    (no ring)
Stlth   ++++                     (no ring)
HPRegen 0.22/turn                (no ring)
MPRegen 0.07/turn                (no ring)
                                 (no ring)
                                 (no ring)

@: no status effects
A: almost no armour, amphibious, 8 rings, camouflage 1, gelatinous body 1,
(nimble swimmer 1), tentacles
a: no special abilities


You were on level 5 of the Dungeon.
You visited 1 branch of the dungeon, and saw 1 of its levels.

You collected 29 gold pieces.

Inventory:

Hand Weapons
 a - a +0 falchion (weapon)
Wands
 f - a wand of digging (3)
Scrolls
 b - a scroll of fog
 d - a scroll of fear
Potions
 e - a potion of haste
 g - a potion of might {unknown}


   Skills:
 + Level 3.0 Fighting
 + Level 2.0 Long Blades
 + Level 2.0 Dodging
 + Level 6.6 Stealth


You couldn't memorise any spells.
You didn't know any spells.
Your spell library was empty.

Dungeon Overview and Level Annotations

Branches:
Dungeon (5/15)
 Temple: D:4-7

Altars:

Shops:
D:5 *


Innate Abilities, Weirdness & Mutations

You cannot wear most types of armour.
You are amphibious.
You can wear up to eight rings at the same time.
Your skin changes colour to match your surroundings (Stealth+).
Your rubbery body absorbs attacks. (AC +1, EV +1)
((You are camouflaged when in or above water. (Stealth+)))
You have tentacles for arms and can constrict up to eight enemies at once.


Message History

Welcome, Esekla the Octopode Delver.
Will you prevail where others failed? Will you find the Orb of Zot?
Press ? for a list of commands and other information.
Found 29 gold pieces, a red potion and a ring mail.
Found a stone staircase leading down.
You now have 14 gold pieces.
There is a stone staircase leading down here.
You now have 29 gold pieces (gained 15).
g - a red potion
As you read the scroll of magic mapping, it crumbles to dust.
You feel aware of your surroundings.
You sensed 1 shop/portal.
Found 6 gold pieces.
Found a tiger eye-studded ring mail.
You open the door.
Found Quask's Assorted Antiques.
There is an open door here.
There is an entrance to Quask's Assorted Antiques here.
You can access your shopping list by pressing '$'.
Are you sure you want to abandon this character and quit the game? (Confirm with "yes".)

*,~~*,,~*,,,* *,*,,*,**,****
************* *,*,,*,**,*
***************,*,,*,**,*
,,,,,,,,,,,,,,,,,,,,,,>,*
,****,,,,,,,,,,,*,**,,,,* ,*
*,,*############,,,,* ,*
*#.#,...##.....#*,,,* ,*
*..,##.##.#.#.#,,,,******* ,*
*,..#...'..@..+,,,,,,,,,,* ,*
*,#.[#.##.#.#.#**,*,****,* +**
*,#..#.##.....#,,,*,**<*,* ,,*
*,#..#.########,***,,,,*,* ,,*
*,#....#......#****,,***,*
,,****,#......#...,,,,,,,,***,*
,,+,,,,##.....#.######,,,,,,*,*
,,******#.##..........,,,,,,*,*
,,,,,,,...*#....######.,,,,,*,*


There were no monsters in sight!

Vanquished Creatures (others)
  6 fungi (D:5)
6 creatures vanquished.

Notes
Turn   | Place    | Note
-------+----------+-------------------------------------------
     0 | D:5      | Esekla the Octopode Delver began the quest for the Orb.
     0 | D:5      | Reached XP level 1. HP: 16/16 MP: 1/1
    23 | D:5      | Found Quask's Assorted Antiques.
    28 | D:5      | Quit the game

Illustrated notes

Levels and vault maps discovered:
D:5:      layout_basic, serial_aquarium, aquarium_bridge_long_joined
          [aquarium_subvault_window, aquarium_subvault_wall,
          aquarium_subvault_window, aquarium_subvault_bridge,
          aquarium_subvault_window, aquarium_subvault_bridge],
          aquarium_bridge_square [aquarium_subvault_wall,
          aquarium_subvault_bridge, aquarium_subvault_wall,
          aquarium_subvault_bridge], aquarium_window_corridor_2,
          aquarium_window_fake, aquarium_view_2b, serial_shops,
          kennysheep_little_box

Action                     || total
---------------------------++-------
    Use: Scroll            ||     1

Table legend: (Time is in decaauts)
 A = Elapsed time spent in this place.
 B = Non-inter-level travel time spent in this place.
 C = Inter-level travel time spent in this place.
 D = Time resting spent in this place.
 E = Time spent auto-exploring this place.
 F = Levels seen in this place.
 G = Mean time per level.
                   A        B        C        D        E       F      G
               +--------+--------+--------+--------+--------+-----+--------+
         Total |     28 |     28 |      0 |      0 |      0 |   1 |   28.0 |
       Dungeon |     28 |     28 |      0 |      0 |      0 |   1 |   28.0 |
               +--------+--------+--------+--------+--------+-----+--------+

Top non-repeatable levels by time:
     D:5: 28 daAuts
